AoeStats
← _xRegulusx_

Lombardia

508761249Analyzed
4v4 RM · 9d ago on Sep 23, 2026· 35m 55s· 8 players
Game mode
Random Map
Map size
Large (8 player)
Population
200
Speed
Normal
Resources
Standard
Victory
Conquest
Starting age
Dark Age
Ending age
Imperial Age
RankedLock teamsTeams togetherTeam positionsShared explorationLock speedFull tech treeHidden civsTurbo modeCheats
Victory
Defeat
🇹🇼 Danes · Taiwan
1800
+3
🇲🇽 Mongols · Mexico
1561
+8
🇲🇽 Cumans · Mexico
1543
+9
🇺🇸 Gurjaras · United States
1490
+11
🇵🇪 Georgians · Peru
1516
-12
🇧🇷 Persians · Brazil
1423
-8
🇨🇴 Italians · Colombia
1371
-7
🇺🇸 Koreans · United States
1223
-4
CAXCAN
9:11 Feudal Age
12:21 Town Watch
14:04 Loom
16:59 Wheelbarrow
17:02 Horse Collar
19:43 Double-Bit Axe
23:02 Castle Age
22:09 Bloodlines
22:35 Gold Mining
28:26 Imperial Age
26:13 Hand Cart
27:32 Capped Ram
28:21 Scale Barding Armor
28:27 Forging
28:33 Cavalier
30:19 Chain Barding Armor
31:09 Iron Casting
34:34 Plate Barding Armor
35:00 Blast Furnace
34:49 Town Watch
UOMOdelFORMAGGIO
10:24 Feudal Age
14:52 Castle Age
13:39 Double-Bit Axe
13:49 Horse Collar
17:24 Wheelbarrow
17:22 Bow Saw
17:40 Loom
20:08 Town Watch
22:08 Heavy Plow
22:29 Gold Mining
26:29 Hand Cart
26:16 Town Patrol
31:32 Imperial Age
30:22 Ballistics
29:55 Fletching
30:06 Padded Archer Armor
30:53 Treadmill Crane
31:26 Bodkin Arrow
31:46 Leather Archer Armor
33:12 Chemistry
31:35 Elite Elephant Archer
32:45 Frontier Guards
32:46 Conscription
32:50 Bracer
33:13 Thumb Ring
33:51 Gold Shaft Mining
34:03 Kshatriyas
35:43 Hoardings
_xRegulusx_
7:06 Loom
9:18 Feudal Age
9:52 Double-Bit Axe
10:05 Horse Collar
16:12 Stone Mining
16:17 Town Watch
18:47 Castle Age
17:02 Gold Mining
18:15 Bloodlines
18:22 Fletching
19:58 Bow Saw
20:05 Light Cavalry
24:03 Wheelbarrow
23:55 Husbandry
25:49 Hand Cart
27:29 Heavy Plow
29:14 Gold Shaft Mining
32:23 Imperial Age
29:58 Padded Archer Armor
30:36 Bodkin Arrow
31:32 Leather Archer Armor
32:37 Caravan
33:25 Bracer
33:17 Elite Mangudai
34:18 Conscription
34:51 Ballistics
35:16 Thumb Ring
YiMia
5:47 Loom
9:31 Feudal Age
9:46 Man-at-Arms
12:05 Arson
20:17 Castle Age
18:39 Double-Bit Axe
19:35 Scale Mail Armor
20:25 Long Swordsman
21:41 Horse Collar
22:59 Forging
23:11 Squires
23:56 Chain Mail Armor
23:39 Gambesons
25:58 Iron Casting
27:23 Wheelbarrow
27:41 Heavy Plow
28:16 Gold Mining
28:41 Town Watch
29:15 Bow Saw
29:43 Stone Mining
33:22 Hand Cart
35:57 Imperial Age
36:05 Imperial Age
34:48 Gold Shaft Mining
Slayer
8:07 Loom
11:57 Feudal Age
16:27 Castle Age
15:20 Double-Bit Axe
15:16 Horse Collar
24:44 Fletching
26:35 Bodkin Arrow
27:28 Wheelbarrow
28:23 Bow Saw
32:39 Imperial Age
30:49 Ballistics
30:50 Scale Mail Armor
31:20 Husbandry
31:51 Fortified Wall
32:28 Squires
32:47 Chain Mail Armor
33:12 Forging
33:34 Bracer
34:52 Two-Man Saw
35:48 Chemistry
35:23 Plate Mail Armor
35:41 Iron Casting
jomanuel28
4:14 Loom
10:42 Feudal Age
15:18 Castle Age
13:38 Double-Bit Axe
13:56 Horse Collar
16:00 Fletching
24:51 Town Watch
26:12 Ballistics
27:47 Wheelbarrow
29:41 Hand Cart
30:17 Bow Saw
32:51 Imperial Age
32:02 Town Patrol
34:20 Thumb Ring
34:18 Bodkin Arrow
35:37 Chemistry
34:34 Murder Holes
35:37 Conscription
35:05 Light Cavalry
35:55 Bloodlines
35:46 Husbandry
MasteRk
4:23 Loom
9:18 Feudal Age
11:38 Double-Bit Axe
11:34 Horse Collar
20:01 Castle Age
18:38 Gold Mining
21:21 Bow Saw
21:12 Heavy Plow
22:34 Forging
22:54 Scale Barding Armor
24:32 Wheelbarrow
25:15 Husbandry
26:26 Town Watch
27:40 Hand Cart
27:47 Stone Mining
30:56 Scale Mail Armor
30:16 Pikeman
30:57 Squires
30:42 Gambesons
34:00 Imperial Age
31:45 Bloodlines
30:55 Light Cavalry
32:05 Chain Mail Armor
33:46 Iron Casting
35:13 Chain Barding Armor
34:17 Hussar
35:17 Halberdier
Dunha
6:15 Loom
9:09 Feudal Age
9:45 Double-Bit Axe
13:26 Scale Barding Armor
15:47 Forging
18:16 Bloodlines
20:19 Wheelbarrow
20:07 Gold Mining
19:59 Horse Collar
23:51 Castle Age
23:46 Light Cavalry
24:26 Husbandry
24:50 Chain Barding Armor
28:00 Iron Casting
31:21 Fletching
32:00 Bodkin Arrow
Connection lost

Rejoining the realm…

Still unreachable

The connection could not be restored.

Session expired

The server has moved on; the page needs a fresh start.